 Dungeon Crawl Stone Soup version 0.19.1-1-g22dce08 (webtiles) character file.

907 RedPan the Slasher (level 7, 0/52 HPs)
             Began as a Demonspawn Abyssal Knight on Dec 28, 2016.
             Was a Priest of Lugonu.
             Slain by HessuHobo's ghost (18 damage)
             ... on level 4 of the Dungeon.
             The game lasted 00:13:20 (5604 turns).

RedPan the Slasher (Demonspawn Abyssal Knight)      Turns: 5604, Time: 00:13:21

Health: 0/52       AC:  8    Str: 14    XL:     7   Next: 81%
Magic:  10/10      EV: 16    Int: 14    God:    Lugonu [***...]
Gold:   195        SH:  0    Dex: 12    Spells: 0 memorised, 6 levels left

rFire  + . .     SeeInvis .     a - +2 falchion
rCold  . . .     Gourm    .     n - +1 leather armour {rF+}
rNeg   . . .     Faith    .     (no shield)
rPois  .         Spirit   .     (helmet restricted)
rElec  .         Reflect  .     r - +0 cloak
rCorr  +         Harm     .     (no gloves)
MR     .....     Clarity  +     (no boots)
Stlth  ++........               (no amulet)
                                o - ring of resist corrosion (curse)
                                u - +5 ring of evasion

@: very slightly contaminated, hasted, very quick
A: antennae 2, icy blue scales 2, clarity, nightstalker 1, sense surroundings 1,
rot immunity
a: Depart the Abyss, Bend Space, Banish, Renounce Religion


You were on level 4 of the Dungeon.
You worshipped Lugonu.
Lugonu was most pleased with you.
You were hungry.

You visited 2 branches of the dungeon, and saw 8 of its levels.
You visited the Abyss 1 time.

You collected 195 gold pieces.

Inventory:

Hand Weapons
 a - a +2 falchion (weapon)
Armour
 h - a +2 shield
 n - a +1 leather armour of fire resistance (worn)
 r - a +0 cloak (worn)
Jewellery
 o - a cursed ring of resist corrosion (right hand)
 t - an uncursed amulet of rage {unknown}
 u - a +5 ring of evasion (left hand)
Scrolls
 b - 3 scrolls of identify
 d - 2 scrolls of teleportation
 f - 2 scrolls of enchant armour {unknown}
 q - a scroll of recharging
Potions
 e - 3 potions of agility
 g - 2 potions of curing
 i - 2 potions of flight
 k - a potion of resistance
 l - a potion of lignification
 p - a potion of ambrosia {unknown}
 s - 2 potions of heal wounds
Comestibles
 c - 3 bread rations
 j - a royal jelly
 m - 2 meat rations


   Skills:
 - Level 3.1 Fighting
 + Level 7.9 Long Blades
 - Level 2.0 Armour
 - Level 0.8 Dodging
 - Level 4.2 Invocations


You had 6 spell levels left.
You didn't know any spells.

Dungeon Overview and Level Annotations

Branches:
Dungeon (7/15)             Temple (1/1) D:6

Altars:
Ashenzari
Elyvilon
Fedhas
Gozag
Makhleb
Nemelex Xobeh
Okawaru
Sif Muna
Trog
Uskayaw
Vehumet
Xom
Yredelemnul
The Shining One

Shops:
D:4 [   D:6 =

Annotations:
D:4 HessuHobo's ghost, amateur DECj
D:5 Edmund


Innate Abilities, Weirdness & Mutations

You have a pair of antennae on your head.
You are mostly covered in icy blue scales. (AC +3)
You are slightly more attuned to the shadows.
You are immune to rotting.
You possess an exceptional clarity of mind.
You passively map a small area around you.


Message History

You barely miss HessuHobo's ghost.
HessuHobo's ghost is moderately damaged.
You hit HessuHobo's ghost.
HessuHobo's ghost is moderately damaged.
HessuHobo's ghost hits you.
You hit HessuHobo's ghost.
HessuHobo's ghost is heavily damaged.
HessuHobo's ghost misses you.
You hit HessuHobo's ghost.
HessuHobo's ghost is heavily damaged.
You slash HessuHobo's ghost!
HessuHobo's ghost is almost destroyed.
HessuHobo's ghost hits you but does no damage.
You hit HessuHobo's ghost but do no damage.
HessuHobo's ghost is almost destroyed.
You miss HessuHobo's ghost.
HessuHobo's ghost is almost destroyed.
HessuHobo's ghost hits you but does no damage.
You are electrocuted!
You die...

##.#####..#...####.##.#
#....##.......##......#
#.⌠.⌠.........##.#.####
#.._..#.#####.##.#.#
##⌠.⌠##.#####......#
##...........##.###
#......#.##.##.# ######
#..##..#.##.##.# *
,..(..###
#..........@...# *#....
#.(.##.#.##W####
,*####.#(.
#.?..<.<.##.# #.......
#...........# *
*#.##.#.. ########.####
#.##.##.##. * ##.##
##.......##. #...#
#....#.#.... #...# #.#
#.##### #...#######..
#....#


You could see HessuHobo's ghost.

Vanquished Creatures
  A phantom (D:5)
  A sky beast (D:5)
  A centaur (D:6)
  2 bullfrogs (D:6)
  Blork the orc (D:5)
  A scorpion (D:3)
  A hound (D:5)
  An orc priest (D:5)
  Jessica (D:3)
  An iguana (D:4)
  2 orc wizards (D:5)
  3 worker ants
  A hound skeleton (D:4)
  4 adders
  An ooze (D:1)
  3 worms
  5 dart slugs
  2 leopard geckos (D:2)
  9 orcs
  A ball python (D:2)
  5 bats
  4 giant cockroaches
  7 goblins
  10 hobgoblins
  13 jackals
  4 quokkas
  3 frilled lizards
  A jackal skeleton (D:4)
  11 kobolds
  A leopard gecko skeleton (D:6)
  A quokka zombie (D:6)
  5 rats
107 creatures vanquished.

Vanquished Creatures (others)
  3 jackals (D:1)
  A frilled lizard (D:3)
  A kobold (D:1)
5 creatures vanquished.

Grand Total: 112 creatures vanquished

Notes
Turn   | Place    | Note
-------+----------+-------------------------------------------
     0 | Abyss:1  | RedPan the Demonspawn Abyssal Knight began the quest for the Orb.
     0 | Abyss:1  | Reached XP level 1. HP: 18/18 MP: 2/2
    60 | Abyss:1  | Found a corrupted altar of Lugonu.
   212 | Abyss:1  | Noticed a large abomination
   253 | Abyss:2  | Found a corrupted altar of Lugonu.
   279 | Abyss:2  | Noticed an anaconda zombie
   281 | D:1      | Escaped the Abyss
   398 | D:1      | Reached skill level 2 in Long Blades
   398 | D:1      | Gained mutation: You have a pair of small antennae on your head. [demonic ancestry]
   398 | D:1      | Reached XP level 2. HP: 20/24 MP: 3/3
   590 | D:1      | Reached * piety under Lugonu
   958 | D:1      | Gained mutation: You are immune to rotting. [demonic ancestry]
   958 | D:1      | Reached XP level 3. HP: 22/29 MP: 4/4
  1184 | D:1      | Reached skill level 3 in Long Blades
  1874 | D:2      | Reached XP level 4. HP: 16/35 MP: 5/5
  2317 | D:2      | Reached ** piety under Lugonu
  2795 | D:3      | Reached skill level 4 in Long Blades
  2804 | D:3      | Gained mutation: You passively map a small area around you. [potion of mutation]
  2804 | D:3      | Gained mutation: You possess an exceptional clarity of mind. [potion of mutation]
  2804 | D:3      | Gained mutation: You are partially covered in icy blue scales. (AC +2) [potion of mutation]
  2813 | D:3      | Gained mutation: You are mostly covered in icy blue scales. (AC +3) [demonic ancestry]
  2813 | D:3      | Reached XP level 5. HP: 31/41 MP: 7/7
  3670 | D:3      | Noticed Jessica
  3688 | D:3      | Killed Jessica
  3739 | D:4      | Found a sparkling altar of Nemelex Xobeh.
  3850 | D:4      | Found Qegabune's Armour Shoppe.
  4003 | D:4      | You fall through a shaft for 3 floors!
  4027 | D:6      | Found Jiecsueg's Jewellery Shop.
  4046 | D:6      | Reached skill level 5 in Long Blades
  4046 | D:6      | Gained mutation: You have a pair of antennae on your head. [demonic ancestry]
  4046 | D:6      | Reached XP level 6. HP: 47/47 MP: 9/9
  4215 | D:6      | Found a staircase to the Ecumenical Temple.
  4220 | Temple   | Entered the Ecumenical Temple
  4470 | D:6      | Reached skill level 6 in Long Blades
  4520 | D:5      | Entered Level 5 of the Dungeon
  4539 | D:5      | Noticed Edmund
  4547 | D:5      | Gained mutation: You are slightly more attuned to the shadows. [demonic ancestry]
  4547 | D:5      | Reached XP level 7. HP: 37/52 MP: 10/10
  4889 | D:5      | Reached *** piety under Lugonu
  4925 | D:5      | Reached skill level 7 in Long Blades
  5272 | D:5      | Noticed Blork the orc
  5293 | D:5      | Killed Blork the orc
  5588 | D:4      | Noticed HessuHobo's ghost (amateur DECj)
  5604 | D:4      | Slain by HessuHobo's ghost

Skill      XL: |  1  2  3  4  5  6  7 |
---------------+----------------------+-----
Armour         | 2 |  2.0
Long Blades    | 2 3 4 5 6 7 |  7.9
Invocations    | 3 4 |  4.2
Fighting       | |  3.1
Dodging        | |  0.8

Action                   |  1- 3 |  4- 6 |  7- 9 || total
-------------------------+-------+-------+-------++-------
Melee: Falchion          |   128 |   205 |   116 ||   449
Invok: Depart the Abyss  |     1 |       |       ||     1
       Bend Space        |       |       |     1 ||     1
  Use: Potion            |     2 |     2 |     2 ||     6
       Scroll            |       |    14 |       ||    14
 Stab: Sleeping          |       |       |     3 ||     3
  Eat: Chunk             |     3 |     9 |     3 ||    15
Armor: Leather armour    |    34 |    50 |    25 ||   109
       Skin              |       |     8 |       ||     8
Dodge: Dodged            |    82 |   139 |    66 ||   287
       Rpst.: Falchion   |    26 |    40 |    27 ||    93
